 Dungeon Crawl Stone Soup version 0.28.0-53-g5a82cb258f (webtiles) character file.

Game seed: 12846351142184787950

23 SanguineChosen the Chopper (level 3, -1/49 HPs)
             Began as a Hill Orc Monk on June 28, 2022.
             Slain by a gnoll
             ... wielding a +0 spear
              (3 damage)
             ... on level 2 of the Dungeon.
             The game lasted 00:04:35 (1504 turns).

SanguineChosen the Chopper (Hill Orc Monk)          Turns: 1504, Time: 00:04:36

Health: -1/49      AC: 21    Str: 15    XL:     3   Next: 0%
Magic:  3/3        EV:  2    Int: 10    God:
Gold:   25         SH:  0    Dex: 13    Spells: 2/2 levels left

rFire   . . .      SeeInvis +   a - +0 hand axe
rCold   . . .      Faith    .   (no shield)
rNeg    . . .      Spirit   .   (armour currently unavailable)
rPois   +          Reflect  .   (helmet currently unavailable)
rElec   .          Harm     .   (cloak currently unavailable)
rCorr   .          Rampage  .   (gloves currently unavailable)
Will    .....      NoTele   +   (boots currently unavailable)
Stlth   ++........              (no amulet)
HPRegen 0.16/turn               c - ring of see invisible
MPRegen 0.08/turn               (no ring)

@: tree-form
A: stationary, stasis, torment immunity, boosted hp
a: no special abilities


You were on level 2 of the Dungeon.
You were a tree.
You visited 1 branch of the dungeon, and saw 2 of its levels.

You collected 25 gold pieces.

Inventory:

Hand Weapons
 a - a +0 hand axe (weapon)
Armour
 b - a +0 robe
 f - a +0 ring mail (melded)
Jewellery
 c - a ring of see invisible (left branch)
Scrolls
 e - a scroll of identify {unknown}


   Skills:
 + Level 3.9 Fighting
 + Level 4.5 Axes
 + Level 2.8 Dodging
 + Level 1.6 Stealth


You had 2 spell levels left.
You didn't know any spells.
Your spell library was empty.

Dungeon Overview and Level Annotations

Branches:
Dungeon (2/15)

Altars:


Message History

The gnoll hits you but does no damage. The adder bites you but does no damage.
The hobgoblin hits you but does no damage.
You closely miss the hobgoblin. You hit the adder.
The adder bites you but does no damage. The gnoll hits you but does no damage.
The hobgoblin hits you but does no damage.
You barely miss the hobgoblin. You barely miss the adder.
The adder bites you but does no damage.
The gnoll hits you from afar with a +0 spear.
* * * LOW HITPOINT WARNING * * *
The hobgoblin hits you but does no damage.
You hit the hobgoblin.
The hobgoblin is heavily wounded.
You hit the adder but do no damage. The adder barely misses you.
The gnoll hits you but does no damage.
The hobgoblin hits you but does no damage.
The adder bites you but does no damage.
You hit the hobgoblin but do no damage.
The hobgoblin is heavily wounded.
You barely miss the adder. The gnoll hits you but does no damage.
The adder bites you.
* * * LOW HITPOINT WARNING * * *
The hobgoblin hits you but does no damage.
You hit the hobgoblin.
The hobgoblin is severely wounded.
You hit the adder. The adder bites you but does no damage.
The gnoll hits you from afar with a +0 spear.
* * * LOW HITPOINT WARNING * * *
The hobgoblin hits you but does no damage.
You barely miss the hobgoblin.
The hobgoblin is severely wounded.
You closely miss the adder. The adder bites you but does no damage.
The gnoll hits you but does no damage. The hobgoblin completely misses you.
The adder bites you but does no damage.
You hit the hobgoblin but do no damage.
The hobgoblin is severely wounded.
You hit the adder.
You kill the adder!
The gnoll hits you from afar with a +0 spear.
You die...

.. #.# .. ..
... ##. ..##
#.. .....
#..## ...#
#..♣# ....#
#.?#g##....##
#..
#Bg.......
...
#gg....(..
...
##........ ##
#........
.........
#........
#........


You could see 3 gnolls, a giant cockroach and a hobgoblin.

Vanquished Creatures
  An adder (D:2)
  3 endoplasms (D:1)
  3 giant cockroaches (D:1)
  3 hobgoblins
  2 quokkas (D:1)
  4 ball pythons (D:1)
  3 bats
  A frilled lizard (D:1)
  2 rats (D:1)
22 creatures vanquished.

Notes
Turn   | Place    | Note
-------+----------+-------------------------------------------
     0 | D:1      | SanguineChosen the Hill Orc Monk began the quest for the
                  | Orb.
     0 | D:1      | Reached XP level 1. HP: 19/19 MP: 1/1
   272 | D:1      | Reached XP level 2. HP: 27/27 MP: 2/2
   575 | D:1      | Found a faded altar of an unknown god.
  1493 | D:2      | Reached XP level 3. HP: 22/33 MP: 3/3
  1502 | D:2      | HP: 2/49 [gnoll/+0 spear (3)]
  1504 | D:2      | Slain by a gnoll

Illustrated notes

Levels and vault maps discovered:
D:1:      psy_arrival_radial01, layout_loops_ring,
          dreamdust_ecumenical_altar_angels_and_demons
D:2:      layout_rooms

Action                   || total
-------------------------++-------
Melee: Hand axe          ||    74
  Use: Potion            ||     1
 Stab: Sleeping          ||     2
Armor: Robe              ||    12
       Ring mail         ||     9
       Skin              ||    21
Dodge: Dodged            ||    65
